 Dungeon Crawl Stone Soup version 0.22.1-1-ga44c0e5 (webtiles) character file.

50600 brandon the Severer (level 14, -1/103 HPs)
             Began as a Minotaur Berserker on Oct 3, 2018.
             Was a High Priest of Trog.
             Slain by a large abomination (19 damage)
             ... on level 3 of the Abyss.
             The game lasted 00:56:07 (20637 turns).

brandon the Severer (Minotaur Berserker)           Turns: 20637, Time: 00:56:07

Health: -1/103     AC: 16    Str: 19    XL:     14   Next: 20%
Magic:  0/13       EV: 10    Int:  4    God:    Trog [*****.]
Gold:   1044       SH: 13    Dex: 10    Spells: 13/13 levels left

rFire    + + +     SeeInvis .   T - +0 war axe
rCold    . . .     Gourm    .   k - +1 shield
rNeg     . . .     Faith    .   U - +0 fire dragon scales
rPois    +         Spirit   +   (helmet restricted)
rElec    +         Reflect  .   m - +0 cloak
rCorr    +         Harm     .   (no gloves)
MR       +....     Rnd*Tele +   l - +0 pair of boots
Stlth    ..........             u - amulet of guardian spirit
HPRegen  0.27/turn              C - ring of protection from fire
MPRegen  0.13/turn              (no ring)

@: resistant, berserk cooldown, starving, slowed, very slow
A: retaliatory headbutt, horns 2, [clumsy 2], [frail 2], [teleportitis 2], [weak
2]
a: Berserk, Trog's Hand, Brothers in Arms, Renounce Religion


You were on level 3 of the Abyss.
You worshipped Trog.
Trog was extremely pleased with you.
You were starving.

You visited 3 branches of the dungeon, and saw 18 of its levels.
You visited the Abyss 2 times.
You also visited: Ossuary and Volcano.

You collected 1044 gold pieces.

Inventory:

Hand Weapons
 T - a +0 war axe (weapon)
 V - a +5 antimagic battleaxe
Missiles
 i - a throwing net (quivered)
Armour
 k - a +1 shield (worn)
 l - a +0 pair of boots (worn)
 m - a +0 cloak (worn)
 p - a +2 large shield
 K - a +1 chain mail of magic resistance
 M - the +7 plate armour of Lireq {SInv}
   (You found it on level 3 of the Lair of Beasts)

   It lets you see invisible.
 U - +0 fire dragon scales (worn)
Jewellery
 a - an uncursed amulet of the acrobat
 u - an amulet of guardian spirit (around neck)
 C - a ring of protection from fire (left hand)
Wands
 o - a wand of polymorph (19)
 F - a wand of disintegration (22)
 I - a wand of digging (16)
 J - a wand of iceblast (7)
 L - a wand of random effects (41)
 N - a wand of flame (55)
 W - a wand of scattershot (4)
 Y - a wand of enslavement (12)
Scrolls
 e - 7 scrolls of remove curse
 g - 7 scrolls of teleportation
 n - 4 scrolls of enchant armour
 q - a scroll of fear {unknown}
 s - 2 scrolls of random uselessness
 w - a scroll of noise
 y - a scroll of magic mapping
 D - 2 scrolls of blinking
 G - a scroll of enchant weapon
 H - a scroll of fog
 O - a scroll of vulnerability {unknown}
 P - a scroll of brand weapon {unknown}
 Q - a scroll of immolation {unknown}
 R - 8 scrolls of identify
 X - a scroll of summoning {unknown}
 Z - a scroll of silence {unknown}
Potions
 b - 2 potions of magic {unknown}
 f - a potion of mutation {unknown}
 h - 4 potions of curing
 j - 2 potions of ambrosia {unknown}
 r - 2 potions of brilliance {unknown}
 t - a potion of cancellation {unknown}
 v - 5 potions of degeneration
 x - 2 potions of invisibility {unknown}
 z - 6 potions of lignification
 A - 2 potions of haste {unknown}
 B - 3 potions of flight
 E - 4 potions of agility
 S - a potion of resistance
Comestibles
 c - 22 rations


   Skills:
 + Level 13.5 Fighting
 * Level 18.0 Axes
 + Level 13.3 Armour
 - Level 2.7 Dodging
 + Level 13.0 Shields


You had 13 spell levels left.
You didn't know any spells.
Your spell library contained the following spells:

 Spells                   Type           Power        Failure   Level  Hunger
 Confusing Touch          Hex            #.....       89%         1    ##.....
 Corpse Rot               Necr           N/A          96%         2    ###....
 Sublimation of Blood     Necr           #.........   96%         2    ###....
 Confuse                  Hex            #.......     99%         3    ####...
 Gell's Gravitas          Tloc           #.........   99%         3    ####...
 Petrify                  Tmut/Erth      #.......     100%        4    #####..
 Agony                    Necr           #.......     100%        5    ######.
 Bolt of Draining         Conj/Necr      #.........   100%        5    ######.
 Dispel Undead            Necr           #.......     100%        5    ######.
 Excruciating Wounds      Chrm/Necr      #.........   100%        5    ######.
 Metabolic Englaciation   Hex/Ice        #.........   100%        5    ######.
 Yara's Violent Unravell  Hex/Tmut       #.........   100%        5    ######.


Dungeon Overview and Level Annotations

Branches:
Dungeon (10/15)            Temple (0/1) D:4            Lair (6/6) D:10
 Shoals (0/4) Lair:4       Spider (0/4) Lair:2        Slime (0/5) Lair:6
    Orc (2/2) D:10            Elf (0/3) Orc:2

Altars:
Kikubaaqudgha
Trog
Vehumet
Xom
Zin
Jiyva

Shops:
D:9 [

Portals:
Trove: D:10 (give 17 scrolls of teleportation)

Annotations:
Lair:4 3 runed doors, Halaipra's ghost, journeyman GnFi
Orc:1 3 runed doors, Gofaigep's ghost, journeyman GnWz


Innate Abilities, Weirdness & Mutations

You reflexively headbutt those who attack you in melee.
You have a pair of horns on your head.
[You are very clumsy. (Dex -4)]
[You are very frail. (-20% HP)]
[You are sometimes teleported next to monsters.]
[You are very weak. (Str -4)]


Message History

* * * LOW HITPOINT WARNING * * *
The starspawn tentacle constricts you.
The glowing orange brain blinks!
You escape the starspawn tentacle's grasp.
You block the nagaraja's attack. You block the apocalypse crab's attack.
The apocalypse crab claws you but does no damage.
The bone dragon bites you!
* * * LOW HITPOINT WARNING * * *
The bone dragon claws you.
* * * LOW HITPOINT WARNING * * *
The bone dragon tramples you.
* * * LOW HITPOINT WARNING * * *
You hold your ground!
The nagaraja hits you but does no damage.
You block the starspawn tentacle's attack.
You enter the shallow water.
Moving in this stuff is going to be slow.
You block the large abomination's attack.
The starspawn tentacle barely misses you.
The large abomination hits you!!
You die...

≈# #.#...## .......
# ≈≈≈...##..## ###
#.... .≈≈≈#.#...)#
†.. .≈≈≈..#...# +
*X##.# ..≈≈≈.##..#
#.. x*#.#
...≈≈≈...###+###.
.x#.
...≈≈≈.GN.....#
...#.#
##♣≈≈Dwtt.∩..# ..
##. #.≈≈@XX......#
##. .
......≈≈.#####...##
... ....?..≈.# ##
..##..##.# . #..
#.. .... ...≈ ...
...≈ .##. ..#≈


You could see a bone dragon, a tentacled starspawn, a nagaraja, a glowing orange
brain, 2 apocalypse crabs, a large abomination and a starspawn tentacle.

Vanquished Creatures
  Snorg (Lair:6)
  Josephine (Lair:5)
  2 centaur warriors (D:9)
  A two-headed ogre (D:4)
  A tengu warrior (D:9)
  Urug (D:10)
  A wretched star (Abyss:2)
  A lindwurm (Lair:6)
  3 wizards (Volcano)
  An orc knight (D:9)
  5 black mambas
  2 toenail golems (Volcano)
  11 elephants
  2 molten gargoyles (Lair:6)
  13 spiny frogs
  14 komodo dragons
  A troll (D:8)
  3 polar bears
  A raiju (Abyss:2)
  Grinder (D:3)
  Prince Ribbit (D:5)
  A raiju (shapeshifter) (D:9)
  3 blink frogs (Lair:1)
  7 hippogriffs
  2 large abominations
  51 yaks
  7 wraiths
  2 hungry ghosts
  Grum (Lair:1)
  2 steam dragons (Lair:6)
  5 wyverns
  4 basilisks
  A chaos spawn (Abyss:4)
  14 water moccasins
  6 porcupines
  5 hell hounds (Lair:6)
  6 orc warriors
  A black bear (D:7)
  A phantom (D:8)
  2 sky beasts
  4 ogres
  A necrophage (D:9)
  2 centaurs (D:10)
  25 wolves
  8 crocodiles
  3 big kobolds
  Blork the orc (D:6)
  17 bullfrogs
  2 wyvern zombies (D:9)
  A gnoll sergeant (D:7)
  2 water moccasin zombies (Ossuary)
  5 scorpions
  5 killer bees (D:10)
  5 wights (D:10)
  3 howler monkeys
  5 lava snakes (Lair:6)
  4 crimson imps
  4 jellies
  7 hounds
  4 human zombies (D:9)
  6 orc priests
  2 centaur skeletons
  A bullfrog skeleton (D:3)
  7 iguanas
  Ijyb (D:3)
  8 orc wizards
  2 hell rats (Lair:1)
  8 worker ants
  An ogre skeleton (D:9)
  A hound zombie (D:8)
  A hound skeleton (D:7)
  5 mummies
  4 gnolls (D:7)
  7 adders
  8 river rats (Lair:1)
  4 shadow imps
  2 oozes
  An ufetubus (Abyss:2)
  10 adder zombies
  An adder skeleton (D:4)
  A worm (D:3)
  3 dart slugs
  3 leopard geckos
  23 orcs
  A ball python (D:3)
  10 giant cockroaches
  4 goblins
  11 hobgoblins
  12 jackals
  4 quokkas
  6 bats
  6 frilled lizards
  2 gnoll zombies (Ossuary)
  4 hobgoblin zombies (Ossuary)
  19 kobolds
  5 kobold zombies (Ossuary)
  2 leopard gecko skeletons (D:4)
  6 orc zombies
  9 rats
  10 fungi
517 creatures vanquished.

Vanquished Creatures (collateral kills)
  An entropy weaver (Abyss:3)
  A fire dragon (Lair:6)
  3 hydras
  A dancing weapon (Volcano)
  A hell hog (Abyss:3)
  2 toenail golems (Volcano)
  A spiny frog (Lair:2)
  An efreet (Abyss:3)
  A yak (Lair:2)
12 creatures vanquished.

Vanquished Creatures (others)
  A phantom (D:5)
  An adder skeleton (D:5)
  A giant cockroach (D:5)
  A jackal (D:5)
  A bush (Lair:4)
  13 fungi
  A lurking horror (Abyss:2)
  7 plants
  A starspawn tentacle (Abyss:3)
27 creatures vanquished.

Grand Total: 556 creatures vanquished

Notes
Turn   | Place    | Note
-------+----------+-------------------------------------------
     0 | D:1      | brandon the Minotaur Berserker began the quest for the Orb.
     0 | D:1      | Reached XP level 1. HP: 19/19 MP: 0/0
    75 | D:1      | Reached skill level 4 in Axes
    75 | D:1      | Reached XP level 2. HP: 26/27 MP: 1/1
   580 | D:1      | Reached XP level 3. HP: 29/33 MP: 2/2
   956 | D:2      | Reached ** piety under Trog
  1421 | D:2      | Reached XP level 4. HP: 40/41 MP: 3/3
  2017 | D:3      | Reached skill level 5 in Axes
  2017 | D:3      | Reached skill level 1 in Shields
  2018 | D:3      | Noticed Grinder
  2047 | D:3      | Killed Grinder
  2047 | D:3      | Reached skill level 5 in Fighting
  2047 | D:3      | Reached skill level 6 in Axes
  2047 | D:3      | Reached XP level 5. HP: 41/48 MP: 4/4
  2047 | D:3      | Reached XP level 6. HP: 48/56 MP: 5/5
  2256 | D:3      | Noticed Ijyb
  2265 | D:3      | Killed Ijyb
  2313 | D:3      | Found a faded altar of an unknown god.
  2413 | D:3      | Found a bloodstained altar of Trog.
  2713 | D:4      | Found a staircase to the Ecumenical Temple.
  2723 | D:4      | Reached *** piety under Trog
  2723 | D:4      | Reached XP level 7. HP: 53/61 MP: 6/6
  2949 | D:4      | Noticed a two-headed ogre
  2961 | D:4      | Killed a two-headed ogre
  2961 | D:4      | Reached skill level 8 in Axes
  2961 | D:4      | Reached skill level 5 in Armour
  2961 | D:4      | Reached XP level 8. HP: 42/71 MP: 7/7
  3426 | D:5      | Entered Level 5 of the Dungeon
  3466 | D:5      | Noticed Prince Ribbit
  3796 | D:5      | Killed Prince Ribbit
  3796 | D:5      | Reached skill level 5 in Shields
  4051 | D:5      | Reached skill level 9 in Axes
  5074 | D:6      | Reached XP level 9. HP: 61/79 MP: 8/8
  5318 | D:6      | Noticed Blork the orc
  5329 | D:6      | Killed Blork the orc
  5441 | D:6      | Found a sand-covered staircase.
  5609 | Ossuary  | Entered an ossuary
  5674 | Ossuary  | Reached **** piety under Trog
  5677 | Ossuary  | Reached skill level 10 in Axes
  6170 | D:7      | Got a transparent robe
  6181 | D:7      | Identified the +1 robe of Forking Paths {MP+9} (You found
                  | it on level 7 of the Dungeon)
  6729 | D:7      | Reached skill level 11 in Axes
  7117 | D:7      | Found a glowing silver altar of Zin.
  7415 | D:8      | You fall through a shaft!
  7472 | D:9      | Reached XP level 10. HP: 69/90 MP: 9/9
  7612 | D:8      | Reached ***** piety under Trog
  8524 | D:9      | Noticed a tengu warrior
  8558 | D:9      | Killed a tengu warrior
  8558 | D:9      | Reached skill level 12 in Axes
  9193 | D:9      | Found Waizxaa's Antique Armour Emporium.
  9350 | D:9      | Found an ancient bone altar of Kikubaaqudgha.
  9525 | D:9      | Noticed a centaur warrior
  9525 | D:9      | Noticed a deep elf knight
  9525 | D:9      | Noticed a stone giant
  9703 | D:9      | Killed a centaur warrior
  9703 | D:9      | Reached skill level 13 in Axes
  9703 | D:9      | Reached XP level 11. HP: 78/99 MP: 10/10
  9923 | D:9      | Noticed a centaur warrior
  9933 | D:9      | Killed a centaur warrior
  9933 | D:9      | Reached skill level 10 in Fighting
  9967 | D:9      | Noticed an orc knight
  9992 | D:9      | Killed an orc knight
 10203 | D:10     | Entered Level 10 of the Dungeon
 10265 | D:10     | Found a staircase to the Lair.
 10399 | D:10     | Received a gift from Trog
 10724 | D:10     | Found a staircase to the Orcish Mines.
 10766 | D:10     | Reached skill level 10 in Armour
 10863 | D:10     | Noticed Urug
 10881 | D:10     | Killed Urug
 11261 | D:10     | Found a portal to a secret trove of treasure.
 11364 | Lair:1   | Entered Level 1 of the Lair of Beasts
 11505 | Lair:1   | Reached skill level 14 in Axes
 12190 | Lair:1   | Reached skill level 10 in Shields
 12333 | Lair:1   | Noticed Grum
 12353 | Lair:1   | Killed Grum
 12449 | Lair:1   | Reached XP level 12. HP: 110/110 MP: 9/11
 13224 | Lair:2   | Noticed a seven-headed hydra
 13249 | Lair:2   | Killed an eight-headed hydra
 13263 | Lair:2   | Noticed a seven-headed hydra
 13266 | Lair:2   | Killed a seven-headed hydra
 13266 | Lair:2   | Reached skill level 15 in Axes
 13757 | Lair:2   | Found a hole to the Spider Nest.
 14643 | Lair:3   | Reached skill level 16 in Axes
 15350 | Lair:3   | Got a heavily runed plate armour
 15366 | Lair:3   | Identified the +7 plate armour of Lireq {SInv} (You found
                  | it on level 3 of the Lair of Beasts)
 15718 | Lair:4   | Reached XP level 13. HP: 118/118 MP: 12/12
 15801 | Lair:4   | Found a staircase to the Shoals.
 15977 | Lair:4   | Found a radiant altar of Vehumet.
 16441 | Lair:4   | Found a runed gate.
 16441 | Lair:4   | Found a runed gate.
 16441 | Lair:4   | Found a runed gate.
 16441 | Lair:4   | Noticed Halaipra's ghost (journeyman GnFi)
 16850 | Lair:5   | Noticed Josephine
 16855 | Lair:5   | Received a gift from Trog
 16862 | Lair:5   | Killed Josephine
 17005 | Lair:5   | Found a shimmering altar of Xom.
 17435 | Lair:6   | Entered Level 6 of the Lair of Beasts
 17588 | Lair:6   | Reached skill level 17 in Axes
 18125 | Lair:6   | Noticed a fire dragon
 18155 | Lair:6   | Found a large runed door.
 18156 | Lair:6   | Found a large runed door.
 18490 | Lair:6   | Found a viscous altar of Jiyva.
 18490 | Lair:6   | Found a staircase to the Slime Pits.
 18548 | Lair:6   | Noticed Snorg
 18556 | Lair:6   | Killed Snorg
 19249 | Lair:6   | Killed a fire dragon
 19249 | Lair:6   | Reached XP level 14. HP: 116/129 MP: 10/13
 19533 | Orc:1    | Entered Level 1 of the Orcish Mines
 19671 | Orc:1    | Found a runed gate.
 19671 | Orc:1    | Found a runed gate.
 19671 | Orc:1    | Found a runed gate.
 19676 | Orc:1    | Noticed Gofaigep's ghost (journeyman GnWz)
 19836 | Orc:2    | Entered Level 2 of the Orcish Mines
 19862 | Orc:2    | Found a dark tunnel.
 19871 | Volcano  | Entered a volcano
 19938 | Volcano  | Cast into level 3 of the Abyss (a wizard)
 19939 | Abyss:3  | Found a corrupted altar of Lugonu.
 20047 | Abyss:4  | Reached ****** piety under Trog
 20068 | Volcano  | Escaped the Abyss
 20233 | Volcano  | Cast into level 2 of the Abyss (a wizard)
 20237 | Abyss:2  | Found a burning altar of Makhleb.
 20260 | Abyss:2  | Found a burning altar of Makhleb.
 20270 | Abyss:2  | Found a shimmering altar of Xom.
 20271 | Abyss:2  | Found a shimmering altar of Xom.
 20271 | Abyss:2  | Found a shimmering altar of Xom.
 20272 | Abyss:2  | Found a corrupted altar of Lugonu.
 20273 | Abyss:2  | Found a shimmering altar of Xom.
 20273 | Abyss:2  | Found a shimmering altar of Xom.
 20274 | Abyss:2  | Found a shimmering altar of Xom.
 20274 | Abyss:2  | Found a shimmering altar of Xom.
 20274 | Abyss:2  | Found a shimmering altar of Xom.
 20274 | Abyss:2  | Found a shimmering altar of Xom.
 20274 | Abyss:2  | Found a shimmering altar of Xom.
 20277 | Abyss:2  | Found a shimmering altar of Xom.
 20277 | Abyss:2  | Found a shimmering altar of Xom.
 20277 | Abyss:2  | Found a shimmering altar of Xom.
 20277 | Abyss:2  | Found a shimmering altar of Xom.
 20522 | Abyss:2  | Noticed a starcursed mass
 20593 | Abyss:3  | Noticed a starcursed mass
 20595 | Abyss:3  | Noticed an entropy weaver
 20605 | Abyss:3  | Killed an entropy weaver
 20605 | Abyss:3  | Reached skill level 18 in Axes
 20623 | Abyss:3  | Noticed a bone dragon
 20632 | Abyss:3  | Noticed a tentacled starspawn
 20632 | Abyss:3  | Noticed a nagaraja
 20637 | Abyss:3  | Slain by a large abomination

Skill      XL: |  1  2  3  4  5  6  7  8  9 10 11 12 13 14 |
---------------+-------------------------------------------+-----
Axes           | 4 6 8 9 11 13 14 16 17 18 | 18.0
Fighting       | 4 5 6 7 8 9 11 12 13 | 13.5
Armour         | 3 4 5 6 8 9 10 11 13 | 13.3
Shields        | 2 3 4 5 7 8 10 11 12 13 | 13.0
Dodging        | |  2.7

Action                   |  1- 3 |  4- 6 |  7- 9 | 10-12 | 13-15 || total
-------------------------+-------+-------+-------+-------+-------++-------
Melee: Hand axe          |   106 |    67 |   370 |   686 |       ||  1229
       Headbutt          |    15 |    23 |    79 |   265 |   141 ||   523
       Unarmed           |       |       |       |     7 |       ||     7
       War axe           |       |       |       |   221 |   510 ||   731
Invok: Berserk           |       |     1 |     6 |    12 |    10 ||    29
       Brothers in Arms  |       |       |       |     1 |     6 ||     7
  Use: Scroll            |       |       |     5 |     9 |     7 ||    21
       Potion            |       |       |       |       |     8 ||     8
  Eat: Chunk             |     1 |     5 |    12 |    34 |    16 ||    68
       Ration            |       |       |     3 |     2 |     3 ||     8
Armor: Animal skin       |    40 |     8 |       |       |       ||    48
       Chain mail        |       |    20 |   126 |   191 |       ||   337
       Plate armour      |       |       |       |    90 |   195 ||   285
       Fire dragon scale |       |       |       |       |    26 ||    26
Dodge: Dodged            |    64 |    20 |    74 |   170 |   131 ||   459
Block: Shield            |    15 |    30 |   204 |   451 |   359 ||  1059
